 Dungeon Crawl Stone Soup version 0.23.2 (webtiles) character file.

Game seed: 9261904384896963737

762 Borgoz the Cutter (level 7, -1/43 HPs)
             Began as a Gargoyle Gladiator on Apr 12, 2019.
             Slain by a hornet (8 damage)
             ... on level 6 of the Dungeon.
             The game lasted 00:07:20 (3267 turns).

Borgoz the Cutter (Gargoyle Gladiator)              Turns: 3267, Time: 00:07:21

Health: -1/43      AC: 21    Str: 18    XL:     7   Next: 81%
Magic:  7/7        EV: 12    Int:  8    God:
Gold:   263        SH:  0    Dex: 18    Spells: 6/6 levels left

rFire    . . .     SeeInvis .   a - +0 rapier
rCold    . . .     Gourm    .   (no shield)
rNeg     + . .     Faith    .   w - +0 plate armour
rPois    ∞         Spirit   .   c - +0 helmet
rElec    +         Reflect  .   k - +2 cloak
rCorr    .         Harm     .   (no gloves)
MR       .....                  b - +0 pair of boots (curse)
Stlth    ..........             (no amulet)
HPRegen  0.14/turn              r - ring of stealth
MPRegen  0.10/turn              (no ring)

@: agile
A: negative energy resistance 1, electricity resistance, unbreathing,
petrification resistance, rot immunity, AC +4
a: no special abilities


You were on level 6 of the Dungeon.
You were not hungry.

You visited 1 branch of the dungeon, and saw 6 of its levels.

You collected 263 gold pieces.

Inventory:

Hand Weapons
 a - a +0 rapier (weapon)
Missiles
 o - 110 stones (quivered)
Armour
 b - a cursed +0 pair of boots (worn)
 c - a +0 helmet (worn)
 k - a +2 cloak (worn)
 u - a +1 chain mail of cold resistance
 w - a +0 plate armour (worn)
Jewellery
 r - a ring of stealth (left hand)
Wands
 p - a wand of flame (13)
 q - a wand of random effects (13)
Scrolls
 e - 2 scrolls of teleportation {unknown}
 g - 3 scrolls of identify
 h - a scroll of random uselessness {unknown}
 i - a scroll of enchant armour {unknown}
 l - 5 scrolls of magic mapping {unknown}
 m - a scroll of noise {unknown}
 n - a scroll of amnesia {unknown}
 s - a scroll of remove curse {unknown}
 t - a scroll of fear {unknown}
 v - 2 scrolls of blinking {unknown}
 y - a scroll of summoning {unknown}
Comestibles
 f - 12 rations
 x - 2 chunks of flesh


   Skills:
 + Level 4.1 Fighting
 * Level 4.9 Short Blades
 - Level 1.7 Throwing
 + Level 3.2 Armour
 * Level 4.4 Dodging
 - Level 3.0 Stealth


You had 6 spell levels left.
You didn't know any spells.
Your spell library contained the following spells:

 Spells                   Type           Power        Failure   Level  Hunger
 Beastly Appendage        Tmut           #.....       100%        1    ##.....
 Freeze                   Ice            #...         100%        1    ##.....
 Sticks to Snakes         Tmut           #.......     100%        2    ###....
 Throw Frost              Conj/Ice       #.....       100%        2    ###....
 Ozocubu's Armour         Chrm/Ice       #.......     100%        3    ####...
 Spider Form              Tmut/Pois      #.........   100%        3    ####...
 Ice Form                 Ice/Tmut       #.......     100%        4    #####..
 Summon Ice Beast         Ice/Summ       #.......     100%        4    #####..
 Throw Icicle             Conj/Ice       #.......     100%        4    #####..
 Blade Hands              Tmut           #.........   100%        5    ######.


Dungeon Overview and Level Annotations

Branches:
Dungeon (6/15)
 Temple: D:4-7

Altars:
Uskayaw
Xom
Zin

Annotations:
D:5 Pikel


Innate Abilities, Weirdness & Mutations

You are resistant to torment.
Your stone body is resilient. (AC +4)
You are immune to poison.
You resist negative energy. (rN+)
You are resistant to electric shocks. (rElec)
You can survive without breathing.
You are immune to petrification.
You are immune to rotting.


Message History

* * * LOW HITPOINT WARNING * * *
The hornet stings you but does no damage.
You feel agile all of a sudden. The hornet stings you.
* * * LOW HITPOINT WARNING * * *
Evoke which item? (* to show all) (? for menu, Esc to quit)
Okay, then.
You hit the hornet but do no damage.
The hornet is moderately wounded.
The hornet completely misses you. The hornet closely misses you.
You hit the hornet but do no damage.
The hornet is moderately wounded.
The hornet barely misses you.
You puncture the hornet!
The hornet is heavily wounded.
The hornet stings you but does no damage. x2
You hit the hornet.
The hornet is severely wounded.
The hornet stings you!
You die...

..# #.#..##. #.#
#.#..... #.#
#.#...... #.#
#.#...#.#
###.######.###.#.#
#.# #
......y.##.#.....#
#.#.#
#@.......#.###.#.#
#.##..............
#........#.###.#.
..)....##.###.#.###<#
######........#...[.#
#..##.####.##### #..#
.# #.# #... .# #.#
#### ## #.#


You could see a hornet.

Vanquished Creatures
  A phantom (D:3)
  A slave (D:6)
  Blork the orc (D:5)
  A scorpion (D:4)
  A hound (D:5)
  2 bullfrog skeletons (D:4)
  3 orc priests
  A centaur skeleton (D:5)
  3 orc wizards
  5 worker ants (D:4)
  Ijyb (D:5)
  2 adders
  2 shadow imps
  A worm (D:3)
  4 leopard geckos
  11 orcs
  A ball python (D:2)
  6 bats
  8 giant cockroaches
  9 goblins
  7 hobgoblins
  14 jackals
  3 frilled lizards
  5 kobolds
  4 rats
97 creatures vanquished.

Notes
Turn   | Place    | Note
-------+----------+-------------------------------------------
     0 | D:1      | Borgoz the Gargoyle Gladiator began the quest for the Orb.
     0 | D:1      | Reached XP level 1. HP: 12/12 MP: 1/1
    54 | D:1      | Reached XP level 2. HP: 17/17 MP: 2/2
   147 | D:1      | Reached XP level 3. HP: 21/22 MP: 3/3
   348 | D:1      | Reached skill level 1 in Stealth
   630 | D:2      | Found a shimmering altar of Xom.
  1136 | D:3      | Reached skill level 1 in Armour
  1372 | D:3      | Reached XP level 4. HP: 25/27 MP: 4/4
  1749 | D:4      | Reached XP level 5. HP: 15/32 MP: 5/5
  1952 | D:4      | Noticed a phantom
  2217 | D:3      | Reached XP level 6. HP: 37/37 MP: 6/6
  2384 | D:3      | Killed a phantom
  2534 | D:4      | Reached XP level 7. HP: 35/42 MP: 7/7
  2904 | D:5      | Entered Level 5 of the Dungeon
  2904 | D:5      | Noticed Ijyb
  2904 | D:5      | Noticed Blork the orc
  2907 | D:5      | Found a hide-covered altar of Uskayaw.
  2925 | D:5      | Killed Blork the orc
  2931 | D:5      | Killed Ijyb
  3178 | D:5      | Found a glowing silver altar of Zin.
  3196 | D:5      | Noticed Pikel
  3232 | D:6      | Noticed a hornet
  3267 | D:6      | Slain by a hornet

Skill      XL: |  1  2  3  4  5  6  7 |
---------------+----------------------+-----
Short Blades   | 3 4 |  4.9
Stealth        | 1 2 3 |  3.0
Armour         | 1 2 3 |  3.2
Dodging        | 3 4 |  4.4
Fighting       | 3 4 |  4.1
Throwing       | |  1.7

Action                   |  1- 3 |  4- 6 |  7- 9 || total
-------------------------+-------+-------+-------++-------
Melee: Rapier            |   156 |   172 |   171 ||   499
Throw: Throwing net      |       |     2 |     2 ||     4
  Use: Potion            |       |     5 |     1 ||     6
       Scroll            |       |     1 |       ||     1
  Eat: Chunk             |     1 |     5 |     2 ||     8
Armor: Leather armour    |    81 |       |       ||    81
       Plate armour      |       |   170 |   147 ||   317
Dodge: Dodged            |   110 |    75 |    62 ||   247
